Map: Automaton LE

Players

Lambo - Winner!

  • Race: Zerg Zerg
  • Spawn Location: 9:00

Elazer

  • Race: Zerg Zerg
  • Spawn Location: 3:00

Event: 2019 WCS Winter Europe

VOD

Have the link to the VOD?

Description

Time

  • Played on: April 7, 2019, 10:53 a.m.
  • Length: 8:43

All games in this series

Show
View Real Time Build Order
Export as new Build Order

Lambo Zerg - Winner!

Build Orders: Hatch First 

Get SALT Encoding   

  12  0:00  Drone  
  13  0:12  Overlord  
  13  0:18  Drone  
  14  0:30  Drone x2  
  16  0:49  Hatchery  
  15  0:53  Drone  
  15  0:56  Drone  
  17  0:59  Drone  
  18  1:10  Extractor  
  17  1:14  Spawning Pool  
  17  1:18  Drone  
  17  1:21  Drone  
  18  1:29  Drone  
  19  1:39  Drone  
  20  1:49  Drone  
  21  2:01  Queen x2  
  21  2:02  Drone, Overlord  
  26  2:11  Zergling x2, Metabolic Boost  
  26  2:15  Drone  
  28  2:21  Drone  
  29  2:24  Drone  
  30  2:36  Zergling x2  
  31  2:38  Drone  
  31  2:41  Hatchery  
  31  2:43  Zergling x2  
  32  2:50  Baneling Nest  
  31  2:52  Overlord  
  31  2:56  Drone  
  32  2:59  Drone  
  33  3:06  Drone  
  33  3:11  Drone x2  
  33  3:12  Drone x3  
  39  3:14  Zergling x2  
  39  3:16  Zergling x2  
  41  3:21  Overlord  
  41  3:29  Drone  
  41  3:33  Drone x2  
  44  3:39  Queen  
  45  3:42  Drone x2, Lair  
  45  3:44  Drone  
  45  3:46  Drone  
  49  3:50  Extractor  
  49  3:51  Extractor  
  49  3:53  Evolution Chamber  
  46  4:00  Zergling x4  
  46  4:01  Drone x2  
  50  4:03  Drone  
  50  4:07  Overlord  
  51  4:10  Drone  
  51  4:13  Drone x4  
  51  4:16  Drone  
  57  4:19  Drone  
  57  4:21  Zerg Melee Weapons Level 1  
  58  4:24  Overlord  
  58  4:25  Drone  
  58  4:27  Drone  
  58  4:29  Drone  
  61  4:32  Overlord  
  61  4:35  Drone  
  61  4:38  Drone  
  63  4:39  Drone  
  63  4:43  Extractor  
  63  4:44  Spire  
  61  4:48  Drone x3  
  61  4:49  Baneling x2  
  61  4:51  Drone  
  61  4:52  Drone  
  66  4:53  Drone  
  66  4:56  Drone x2  
  66  4:58  Drone  
  66  4:59  Drone  
  71  5:04  Overlord  
  71  5:07  Extractor  
  71  5:09  Zergling x2, Overlord  
  71  5:10  Extractor, Zergling x4  
  71  5:15  Zergling x2  
  71  5:17  Overlord  
  71  5:20  Zergling x10  
  77  5:26  Overlord  
  77  5:28  Zergling x4  
  77  5:29  Zergling x6  
  77  5:31  Baneling x3  
  77  5:35  Zergling x6  
  85  5:45  Drone  
  85  5:50  Hatchery  
  85  5:53  Zergling x2  
  85  5:54  Zergling x12  
  91  5:59  Mutalisk  
  91  6:00  Mutalisk  
  95  6:06  Overlord  
  95  6:07  Mutalisk x2  
  95  6:09  Overlord  
  98  6:13  Overlord  
  98  6:14  Mutalisk  
  98  6:18  Zerg Flyer Weapons Level 1  
  100  6:20  Mutalisk  
  100  6:24  Mutalisk  
  104  6:26  Mutalisk  
  104  6:28  Mutalisk  
  104  6:32  Mutalisk  
  108  6:36  Drone  
  111  6:40  Mutalisk  
  111  6:46  Mutalisk x2  
  117  6:50  Mutalisk  
  118  6:57  Mutalisk  
  118  6:58  Zergling x12  
  125  7:04  Overlord  
  125  7:07  Mutalisk x2  
  127  7:10  Overlord  
  127  7:15  Overlord  
  127  7:16  Overlord  
  127  7:21  Overlord  
  125  7:23  Extractor  
  125  7:24  Overlord  
  125  7:25  Mutalisk x3  
  125  7:27  Mutalisk  
  125  7:28  Extractor  
  131  7:32  Mutalisk  
  133  7:37  Mutalisk  
  133  7:42  Mutalisk  
  136  7:46  Zergling x16  
  144  7:53  Mutalisk x2  
  146  8:02  Mutalisk  
  146  8:04  Zergling x14  
  151  8:13  Mutalisk x2  
  151  8:16  Zergling x10  
Show
View Real Time Build Order
Export as new Build Order

Elazer Zerg 

Build Orders: Hatch First 

Get SALT Encoding   

  12  0:00  Drone  
  13  0:12  Overlord  
  13  0:18  Drone  
  14  0:31  Drone x2  
  16  0:49  Hatchery  
  15  0:52  Drone  
  15  0:55  Drone  
  17  0:58  Drone  
  18  1:09  Extractor  
  17  1:14  Spawning Pool  
  17  1:17  Drone  
  17  1:20  Drone  
  18  1:28  Drone  
  19  1:38  Drone  
  20  1:49  Drone  
  21  1:59  Overlord  
  21  2:00  Queen x2  
  25  2:01  Drone  
  26  2:11  Drone  
  26  2:12  Zergling x2  
  26  2:13  Metabolic Boost  
  28  2:21  Drone  
  28  2:22  Drone  
  30  2:32  Drone  
  30  2:33  Drone  
  32  2:39  Hatchery  
  31  2:45  Drone x2  
  31  2:50  Baneling Nest  
  32  2:54  Overlord  
  32  2:57  Drone  
  33  3:05  Drone  
  34  3:06  Drone  
  34  3:08  Drone  
  34  3:12  Queen  
  38  3:15  Overlord  
  38  3:17  Zergling x2  
  38  3:19  Zergling x2  
  40  3:21  Zergling x2  
  40  3:22  Zergling x2  
  40  3:25  Drone  
  43  3:31  Zergling x2  
  44  3:36  Drone  
  44  3:41  Drone x6  
  51  3:45  Drone  
  52  3:52  Lair  
  52  3:55  Evolution Chamber  
  52  3:59  Drone x4  
  52  4:02  Overlord  
  55  4:03  Drone  
  55  4:06  Drone  
  57  4:14  Drone  
  58  4:18  Extractor  
  58  4:20  Extractor  
  58  4:21  Drone x5, Roach Warren  
  60  4:24  Zerg Missile Weapons Level 1  
  60  4:26  Drone x2  
  60  4:29  Drone x2  
  63  4:31  Drone x2  
  63  4:34  Overlord  
  63  4:37  Extractor  
  64  4:43  Extractor  
  64  4:45  Drone x2  
  65  4:50  Extractor, Drone  
  65  4:51  Overlord  
  65  4:56  Drone x3  
  65  4:57  Drone x5  
  73  5:03  Overlord  
  73  5:08  Spire  
  72  5:15  Glial Reconstitution  
  72  5:16  Drone x5  
  72  5:17  Drone  
  78  5:22  Roach, Baneling x2  
  78  5:23  Roach x2  
  78  5:26  Roach  
  90  5:28  Roach x2  
  90  5:34  Overlord  
  90  5:43  Overlord  
  90  5:48  Overlord  
  90  5:53  Roach x4  
  90  5:54  Baneling x2  
  98  5:58  Overlord  
  98  6:03  Drone  
  98  6:04  Roach x3  
  105  6:06  Overlord  
  105  6:13  Overlord  
  104  6:19  Mutalisk  
  104  6:20  Mutalisk x6  
  104  6:22  Hatchery  
  117  6:28  Mutalisk  
  117  6:29  Overlord  
  119  6:34  Overlord, Mutalisk  
  119  6:36  Mutalisk  
  123  6:41  Overlord  
  123  6:43  Overlord  
  123  6:44  Mutalisk  
  123  6:46  Overlord  
  125  6:48  Overlord  
  125  6:52  Overlord, Mutalisk  
  127  6:56  Overlord  
  127  6:58  Mutalisk  
  127  7:00  Overlord  
  129  7:05  Drone x7  
  133  7:11  Mutalisk  
  133  7:15  Overlord  
  134  7:17  Extractor, Mutalisk  
  134  7:21  Extractor  
  134  7:24  Overlord, Spore Crawler  
  134  7:25  Mutalisk  
  134  7:28  Mutalisk  
  137  7:31  Overlord  
  137  7:38  Overlord  
  138  7:44  Roach x5  
  138  7:47  Overlord  
  138  7:49  Mutalisk  
  148  7:51  Overlord  
  148  7:55  Zergling x12  
  149  7:59  Overlord, Mutalisk x2  
  153  8:06  Mutalisk  
  153  8:07  Overlord  
  151  8:18  Overlord  
Tags
 
Add a new tag
Caveats
  • Supply blocks, unpowered buildings, or Contaminate may cause inaccurate times.
  • Supply counts are checked every 10 seconds.